 Dungeon Crawl Stone Soup version 0.30-a0-576-g89cddaab80 (webtiles) character file.

Game seed: 2083697815958437521

1305 gelatine the Magician (level 8, -1/58 HPs)
             Began as a Demonspawn Hedge Wizard on Dec 30, 2022.
             Was a Follower of Vehumet.
             Killed from afar by a steam dragon (21 damage)
             ... with a ball of steam
             ... on level 7 of the Dungeon.
             The game lasted 00:17:12 (6637 turns).

gelatine the Magician (Demonspawn Hedge Wizard)     Turns: 6637, Time: 00:17:13

Health: -1/58      AC: 10    Str: 10    XL:     8   Next: 31%
Magic:  16/16      EV: 17    Int: 19    God:    Vehumet [*.....]
Gold:   186        SH:  0    Dex: 12    Spells: 12/17 levels left

rFire   . . .      SeeInvis .    e - +1 hand axe
rCold   + . .      Faith    .    (no shield)
rNeg    . . .      Spirit   .    a - +1 leather armour {rC+}
rPois   .          Reflect  .    y - +2 hat
rElec   .          Harm     .    (no cloak)
rCorr   .          Rampage  .    j - +2 pair of gloves
Will    .....                    (no boots)
Stlth   ++                       (no amulet)
HPRegen 0.29/turn                o - +5 ring of evasion
MPRegen 0.30/turn                (no ring)

@: no status effects
A: horns 1, rugged brown scales 1, powered by death 2, magic regeneration
a: Renounce Religion


You were on level 7 of the Dungeon.
You worshipped Vehumet.
Vehumet was aware of your devotion.
You visited 1 branch of the dungeon, and saw 7 of its levels.

You collected 410 gold pieces.
You spent 224 gold pieces at shops.

Inventory:

Hand Weapons
 e - a +1 hand axe (weapon)
 v - a +1 heavy sling
 z - a +0 war axe
Armour
 a - a +1 leather armour of cold resistance (worn)
 b - a +0 robe
 j - a +2 pair of gloves (worn)
 y - a +2 hat (worn)
Magical Staves
 q - a staff of earth
Jewellery
 o - a +5 ring of evasion (left hand)
Wands
 f - a wand of flame (33)
Scrolls
 c - a scroll of identify {unknown}
 x - 5 scrolls of teleportation
Potions
 d - 3 potions of magic
 g - 2 potions of heal wounds
 h - 3 potions of curing
 i - 2 potions of cancellation
 k - a potion of flight {unknown}
 l - a potion of degeneration {unknown}
 m - 2 potions of lignification {unknown}
 n - 2 potions of mutation {unknown}
 p - a potion of might {unknown}
 r - a potion of berserk rage {unknown}
 s - a potion of attraction {unknown}
 t - a potion of brilliance {unknown}
 u - a potion of haste {unknown}
 w - a potion of ambrosia {unknown}


   Skills:
 * Level 2.8 Fighting
 * Level 3.9 Axes
 + Level 0.6 Armour
 * Level 3.2 Dodging
 * Level 3.5 Stealth
 * Level 5.4 Spellcasting
 * Level 3.8 Conjurations
 + Level 1.0 Summonings
 + Level 0.8 Translocations
 * Level 1.7 Air Magic
 * Level 1.9 Poison Magic


You had 12 spell levels left.
You knew the following spells:

 Your Spells              Type           Power      Damage    Failure   Level
a - Magic Dart            Conj           76%        1d6       3%          1
b - Mephitic Cloud        Conj/Pois/Air  14%        N/A       17%         3
c - Foxfire               Conj/Fire      48%        2x1d6     8%          1

Your spell library contained the following spells:

 Spells                   Type           Power      Damage    Failure   Level
 Shock                    Conj/Air       60%        1d6       5%          1
 Momentum Strike          Conj/Tloc      28%        3d8       10%         2
 Slow                     Hex            20%        N/A       16%         1
 Call Imp                 Summ           8%         N/A       16%         2
 Cigotuvi's Dreadful Rot  Necr/Pois/Air  18%        N/A       16%         2
 Blink                    Tloc           16%        N/A       17%         2
 Swiftness                Air            11%        N/A       24%         3
 Lesser Beckoning         Tloc           16%        N/A       34%         3
 Tukima's Dance           Hex            5%         N/A       43%         3
 Airstrike                Air            5%         2d(1-17)  61%         4
 Passage of Golubria      Tloc           8%         N/A       75%         4
 Yara's Violent Unravell  Hex/Tmut       2%         3d3       99%         5


Dungeon Overview and Level Annotations

Branches:
Dungeon (7/15)
 Temple: D:4-7

Altars:
Cheibriados
Makhleb
Okawaru
Qazlal
Vehumet
Lugonu

Shops:
D:6 *

Portals:
Abyss: D:5


Innate Abilities, Weirdness & Mutations

You have a pair of small horns on your head.
You are partially covered in rugged brown scales. (AC +1, +3% HP)
You regenerate health from kills.
You regenerate magic rapidly.


Message History

You are engulfed in a cloud of scalding steam.
You conjure some foxfire!
You are engulfed in a cloud of scalding steam.
Your foxfire dissipates!
The foxfire hits the steam dragon.
The steam dragon is lightly wounded.
A water moccasin comes into view.
Your foxfire dissipates! x2
The steam dragon breathes steam at you. The ball of steam hits you!
The steam dragon bites you but does no damage.
The steam dragon misses you.
You hit the steam dragon. You headbutt the steam dragon.
The steam dragon is moderately wounded.
The steam dragon breathes steam at you. The ball of steam hits you!
Found a war axe.
The water moccasin is engulfed in a cloud of scalding steam.
The water moccasin bites you but does no damage.
The steam dragon barely misses you. x2
You closely miss the steam dragon.
You headbutt the steam dragon, but do no damage.
The steam dragon is moderately wounded.
You barely miss the water moccasin.
The water moccasin is engulfed in a cloud of scalding steam.
The water moccasin completely misses you.
The steam dragon bites you but does no damage.
The steam dragon claws you.
You hit the steam dragon. Your headbutt misses the steam dragon.
The steam dragon is moderately wounded.
You barely miss the water moccasin.
The water moccasin completely misses you.
The steam dragon bites you but does no damage.
The steam dragon barely misses you. The water moccasin closely misses you.
You barely miss the steam dragon.
The steam dragon is moderately wounded.
You hit the water moccasin. The water moccasin closely misses you.
The steam dragon breathes steam at you. The ball of steam hits you!!
You die...

#...........###.######..
########.........# ...
#.........### ..
#............
###########§##.....
.........##.##.###.
)........##$##.###.#
........D........#
.......@.§.......#
........S........#
.................#
.........#.........
........§#.........
........§..........
..................
##...####........


You could see a steam dragon (catching breath) and a water moccasin.

Vanquished Creatures
  An ice beast (D:6)
  An ogre (D:6)
  A phantom (D:4)
  2 kobold brigands
  4 bullfrogs (D:6)
  A necrophage (D:5)
  3 hounds
  3 orc priests
  5 iguanas
  3 orc wizards
  11 adders
  A white imp (D:6)
  A worm (D:3)
  2 dart slugs (D:1)
  24 orcs
  7 ball pythons
  4 bats
  8 endoplasms
  2 giant cockroaches
  5 goblins
  5 hobgoblins
  3 jackals (D:4)
  14 kobolds
  6 quokkas
  5 frilled lizards
  3 rats
125 creatures vanquished.

Vanquished Creatures (others)
  11 foxfires (D:7)
11 creatures vanquished.

Grand Total: 136 creatures vanquished

Notes
Turn   | Place    | Note
-------+----------+-------------------------------------------
     0 | D:1      | gelatine the Demonspawn Hedge Wizard began the quest for
                  | the Orb.
     0 | D:1      | Reached XP level 1. HP: 13/13 MP: 4/4
   238 | D:1      | Gained mutation: You are partially covered in rugged brown
                  | scales. (AC +1, +3% HP) [demonic ancestry]
   238 | D:1      | Reached XP level 2. HP: 12/19 MP: 0/6
   873 | D:1      | Reached XP level 3. HP: 20/24 MP: 1/8
  2186 | D:3      | Gained mutation: You regenerate magic rapidly. [demonic
                  | ancestry]
  2186 | D:3      | Reached XP level 4. HP: 8/31 MP: 6/9
  2390 | D:3      | Reached skill level 1 in Axes
  2537 | D:3      | Reached skill level 4 in Spellcasting
  2726 | D:3      | Reached skill level 1 in Fighting
  3197 | D:4      | Gained mutation: You have a pair of small horns on your
                  | head. [demonic ancestry]
  3197 | D:4      | Reached XP level 5. HP: 37/38 MP: 7/11
  3945 | D:4      | Noticed a phantom
  3957 | D:4      | Killed a phantom
  3958 | D:4      | Gained mutation: You regenerate a little health from kills.
                  | [demonic ancestry]
  3958 | D:4      | Reached XP level 6. HP: 38/44 MP: 8/12
  4113 | D:5      | Entered Level 5 of the Dungeon
  4148 | D:5      | Learned a level 3 spell: Mephitic Cloud
  4173 | D:5      | Found a burning altar of Makhleb.
  4405 | D:5      | Found a large runed translucent door.
  4406 | D:5      | Found a large runed translucent door.
  4406 | D:5      | Found a corrupted altar of Lugonu.
  4573 | D:5      | Found a one-way gate to the infinite horrors of the Abyss.
  4609 | D:5      | Reached XP level 7. HP: 43/50 MP: 9/14
  4764 | D:5      | Reached skill level 5 in Spellcasting
  4848 | D:5      | Found an iron altar of Okawaru.
  4852 | D:5      | Found a snail-covered altar of Cheibriados.
  4852 | D:5      | Found a radiant altar of Vehumet.
  4861 | D:5      | Found a stormy altar of Qazlal.
  4868 | D:5      | Became a worshipper of Vehumet
  5164 | D:5      | Reached skill level 1 in Poison Magic
  5531 | D:6      | Reached skill level 1 in Air Magic
  5930 | D:6      | Found Hwofec's Humungous Hoard.
  6017 | D:6      | Bought a +2 hat for 224 gold pieces
  6042 | D:6      | Gained mutation: You regenerate health from kills. [demonic
                  | ancestry]
  6042 | D:6      | Reached XP level 8. HP: 47/58 MP: 15/15
  6127 | D:6      | Reached * piety under Vehumet
  6127 | D:6      | Offered knowledge of Foxfire by Vehumet.
  6446 | D:6      | Learned a level 1 spell: Foxfire
  6637 | D:7      | Killed from afar by a steam dragon

Illustrated notes

Levels and vault maps discovered:
D:1:      dpeg_arrival_arbitrary_a, layout_basic, serial_glass, glass_columns_a,
          glass_columns_b, minmay_misc_feat_square
D:2:      layout_basic, roderic_roman_lattice
D:3:      layout_basic
D:4:      layout_cave_pools, kennysheep_potato
D:5:      due_chaos_kobolds, layout_loops_ring, nicolae_overflow_crystal_walls,
          minitemple
D:6:      layout_basic, nicolae_alphabet_shops
D:7:      layout_basic, mainiacjoe_overflow_cross_hatched,
          minmay_temple_entry_overgrown

Skill      XL: |  1  2  3  4  5  6  7 |
---------------+----------------------+-----
Stealth        | 2 3 |  3.5
Dodging        | 2 3 |  3.2
Axes           | 1 2 3 |  3.9
Spellcasting   | 4 5 |  5.4
Fighting       | 1 2 |  2.8
Conjurations   | 2 3 |  3.8
Poison Magic   | 1 |  1.9
Air Magic      | 1 |  1.7
Armour         | |  0.6
Summonings     | |  1.0
Translocations | |  0.8

Action                   |  1- 3 |  4- 6 |  7- 9 || total
-------------------------+-------+-------+-------++-------
Melee: Hand axe          |    71 |    85 |   175 ||   331
       Punch             |     1 |     1 |     2 ||     4
       Headbutt          |       |     9 |    34 ||    43
 Cast: Magic Dart        |    75 |   166 |    66 ||   307
       Mephitic Cloud    |       |     2 |     6 ||     8
       Foxfire           |       |       |     6 ||     6
  Use: Scroll            |       |     6 |     1 ||     7
       Potion            |       |       |     2 ||     2
 Stab: Confused          |       |       |     1 ||     1
Armor: Robe              |    19 |    11 |    31 ||    61
       Leather armour    |       |       |    13 ||    13
Dodge: Dodged            |    62 |   106 |   152 ||   320

Table legend: (Time is in decaauts)
 A = Elapsed time spent in this place.
 B = Non-inter-level travel time spent in this place.
 C = Inter-level travel time spent in this place.
 D = Time resting spent in this place.
 E = Time spent auto-exploring this place.
 F = Levels seen in this place.
 G = Mean time per level.
                   A        B        C        D        E       F      G
               +--------+--------+--------+--------+--------+-----+--------+
         Total |   6702 |   6554 |    148 |      0 |   5271 |   7 |  957.4 |
       Dungeon |   6702 |   6554 |    148 |      0 |   5271 |   7 |  957.4 |
               +--------+--------+--------+--------+--------+-----+--------+

Top non-repeatable levels by time:
     D:5: 1379 daAuts
     D:1: 1154 daAuts
     D:6: 1098 daAuts
     D:4: 1032 daAuts
     D:2: 986 daAuts
     D:3: 974 daAuts
     D:7: 76 daAuts
